 Dungeon Crawl Stone Soup version 0.29-a0-200-gc7997b95f3 (webtiles) character file.

Game seed: 13967866681537628606

55 GabrielManson the Sneak (level 3, -4/25 HPs)
             Began as an Octopode Brigand on Feb 23, 2022.
             Slain by Grinder (6 damage)
             ... while paralysed by Grinder
             ... on level 3 of the Dungeon.
             The game lasted 00:08:37 (2281 turns).

GabrielManson the Sneak (Octopode Brigand)          Turns: 2281, Time: 00:08:37

Health: -4/25      AC:  1    Str: 10    XL:     3   Next: 93%
Magic:  4/4        EV:  2    Int: 13    God:
Gold:   132        SH:  0    Dex: 15    Spells: 3/4 levels left

rFire   + . .      SeeInvis .   p - +1 short sword (elec)
rCold   . . .      Faith    .   (no shield)
rNeg    . . .      Spirit   .   (helmet restricted)
rPois   .          Reflect  .   (no amulet)
rElec   .          Harm     .   f - ring of protection from fire
rCorr   .          Rampage  .   (no ring)
Will    .....                   (no ring)
Stlth   ++++......              (no ring)
HPRegen 0.08/turn               (no ring)
MPRegen 0.09/turn               (no ring)
                                (no ring)
                                (no ring)

@: paralysed
A: almost no armour, amphibious, 8 rings, camouflage 1, gelatinous body 1,
(nimble swimmer 1), tentacles
a: no special abilities


You were on level 3 of the Dungeon.
You visited 1 branch of the dungeon, and saw 3 of its levels.

You collected 132 gold pieces.

Inventory:

Hand Weapons
 g - a +0 hunting sling
 m - a +1 short sword of speed
 p - a +1 short sword of electrocution (weapon)
Missiles
 b - 6 poisoned darts (quivered)
 i - 65 stones
Jewellery
 a - a ring of flight
 f - a ring of protection from fire (left tentacle)
Scrolls
 e - 2 scrolls of enchant weapon {unknown}
 l - a scroll of noise {unknown}
 n - a scroll of identify {unknown}
Potions
 d - a potion of curing
 h - a potion of mutation {unknown}
 j - a potion of berserk rage {unknown}
 k - a potion of flight {unknown}
 o - a potion of lignification {unknown}


   Skills:
 - Level 2.3 Fighting
 - Level 2.4 Short Blades
 - Level 2.3 Throwing
 - Level 1.5 Dodging
 - Level 5.5 Stealth
 - Level 1.0 Spellcasting
 * Level 1.0 Transmutations


You had 3 spell levels left.
You knew the following spells:

 Your Spells              Type           Power      Damage    Failure   Level
a - Beastly Appendage     Tmut           6%         N/A       19%         1

Your spell library contained the following spells:

 Spells                   Type           Power      Damage    Failure   Level
 Wereblood                Tmut           3%         N/A       28%         2
 Spider Form              Tmut/Pois      1%         N/A       56%         3
 Ignite Poison            Fire/Tmut/Pois 1%         N/A       58%         3
 Conjure Flame            Conj/Fire      0%         6-21      63%         3
 Sticky Flame             Conj/Fire      0%         2d3       95%         4


Dungeon Overview and Level Annotations

Branches:
Dungeon (3/15)

Altars:

Annotations:
D:3 Grinder


Innate Abilities, Weirdness & Mutations

You cannot wear most types of armour.
You are amphibious.
You can wear up to eight rings at the same time.
Your skin changes colour to match your surroundings (Stealth+).
Your rubbery body absorbs attacks. (AC +1, EV +1)
((You are camouflaged when in or above water. (Stealth+)))
You have tentacles for arms and can constrict up to eight enemies at once.


Message History

Aim: Grinder (57% to hit)
You throw a poisoned dart. The poisoned dart hits Grinder.
An orc comes into view. It is wielding a +0 flail.
Throw: 2 darts (curare)
Press: ? - help, Shift-Dir - straight line, f/p - Grinder
Aim: Grinder (57% to hit)
You throw a curare-tipped dart. The curare-tipped dart hits Grinder.
There's nothing to close nearby.
Throw: dart (curare)
Press: ? - help, Shift-Dir - straight line, f/p - Grinder
Aim: Grinder (57% to hit)
You throw a curare-tipped dart. The curare-tipped dart hits Grinder.
Grinder blinks!
You hit Grinder. Lightning courses through Grinder! You grab Grinder.
Grinder is heavily wounded.
You constrict Grinder, but do no damage.
A hobgoblin comes into view.
Grinder barely misses you.
You hit Grinder.
Grinder is heavily wounded.
You constrict Grinder. You hit Grinder but do no damage.
Lightning courses through Grinder!
Grinder is almost dead.
You constrict Grinder, but do no damage.
Grinder hits you!
You writhe in agony.
You release your grip on Grinder.
Grinder drinks a potion.
Grinder is healed!
An orc comes into view. It is wielding a +0 dagger.
Grinder says, "I used to sell toenails on the black market."
Grinder gestures at you. Pain shoots through your body!
* * * LOW HITPOINT WARNING * * *
You feel better. Grinder gestures at you.
You suddenly lose the ability to move!
Grinder hits you!
* * * LOW HITPOINT WARNING * * *
You writhe in agony.
* * * LOW HITPOINT WARNING * * *
Grinder hits you.
You die...

.# ##...#
#####.##.#.#.#
.######..#
#.##.#.#.#
....)....#
#.##.#.#.##
.######..#
#.##.#.#..# ..
#..#######.##.#.##.#
..
#.............#.##.#
.##
#.#######..#.##.##.#
.# #.# #..#.##.##.#
.# #.# #.@#.##.##.#
.
#.#######5o#.......#
(...((o.g.####.##.#
..o#####.## ####.#
#.# #.# #.# #.# #.#
#.# ... ..# ..# ###


You could see Grinder, 2 orcs and a hobgoblin.

Vanquished Creatures
  An adder (D:2)
  5 bats
  5 endoplasms
  7 hobgoblins
  13 kobolds
  3 quokkas
  A ball python (D:2)
  A frilled lizard (D:2)
  A goblin (D:2)
  2 rats
39 creatures vanquished.

Notes
Turn   | Place    | Note
-------+----------+-------------------------------------------
     0 | D:1      | GabrielManson the Octopode Brigand began the quest for the
                  | Orb.
     0 | D:1      | Reached XP level 1. HP: 14/14 MP: 1/1
   275 | D:1      | Reached XP level 2. HP: 19/19 MP: 2/2
   859 | D:1      | Found a faded altar of an unknown god.
  1048 | D:2      | Learned a level 1 spell: Beastly Appendage
  1139 | D:2      | Reached XP level 3. HP: 22/25 MP: 3/3
  2141 | D:3      | Reached skill level 1 in Spellcasting
  2189 | D:3      | Reached skill level 1 in Transmutations
  2266 | D:3      | Noticed Grinder
  2278 | D:3      | Paralysed by Grinder for 5 turns
  2280 | D:3      | HP: 1/25 [Grinder (6)]
  2281 | D:3      | Slain by Grinder

Illustrated notes

Levels and vault maps discovered:
D:1:      dpeg_cavernosity, layout_basic,
          dreamdust_ecumenical_altar_hidden_monk_grotto
D:2:      layout_loops_corners, nicolae_concentric_dashed_squares_wild,
          minmay_goblin_kobold_house
D:3:      layout_loops_ring, uniq_grinder

Skill      XL: |  1  2  3 |
---------------+----------+-----
Spellcasting   | 1 |  1.0
Transmutations | 1 |  1.0
Fighting       | |  2.3
Short Blades   | |  2.4
Throwing       | |  2.3
Dodging        | |  1.5
Stealth        | |  5.5

Action                   || total
-------------------------++-------
Melee: Dagger            ||    29
       Constrict         ||    12
       Tentacles         ||     7
       Short sword       ||    30
Throw: Dart              ||     4
  Use: Potion            ||     1
 Stab: Sleeping          ||    17
       Distracted        ||     1
Dodge: Dodged            ||    19

Table legend: (Time is in decaauts)
 A = Elapsed time spent in this place.
 B = Non-inter-level travel time spent in this place.
 C = Inter-level travel time spent in this place.
 D = Time resting spent in this place.
 E = Time spent auto-exploring this place.
 F = Levels seen in this place.
 G = Mean time per level.
                   A        B        C        D        E       F      G
               +--------+--------+--------+--------+--------+-----+--------+
         Total |   2268 |   2268 |      0 |     69 |   1748 |   3 |  756.0 |
       Dungeon |   2268 |   2268 |      0 |     69 |   1748 |   3 |  756.0 |
               +--------+--------+--------+--------+--------+-----+--------+

Top non-repeatable levels by time:
     D:2: 1069 daAuts
     D:1: 1027 daAuts
     D:3: 172 daAuts
